AoeStats
← SullyMuffinMan

Arena

504279052Analyzed
1v1 RM · 28d ago on Sep 4, 2026· 41m 48s· 2 players
Game mode
Random Map
Map size
Tiny (2 player)
Population
200
Speed
Normal
Resources
Standard
Victory
Conquest
Starting age
Dark Age
Ending age
Imperial Age
RankedLock teamsTeams togetherTeam positionsShared explorationLock speedFull tech treeHidden civsTurbo modeCheats
Victory
Defeat
🇿🇦 Poles · South Africa
897
+16
🇺🇸 Franks · United States
904
-45
ChopStIx
10:58 Feudal Age
14:46 Castle Age
12:58 Double-Bit Axe
13:44 Loom
14:18 Horse Collar
20:52 Gold Mining
20:55 Stone Mining
24:42 Wheelbarrow
23:57 Town Watch
28:32 Stone Shaft Mining
31:19 Imperial Age
29:32 Szlachta Privileges
29:42 Gold Mining
30:08 Bow Saw
30:07 Heavy Plow
31:07 Hand Cart
31:57 Bloodlines
31:47 Husbandry
31:58 Scale Barding Armor
32:04 Forging
31:45 Fletching
32:31 Conscription
32:34 Lechitic Legacy
32:09 Cavalier
36:41 Chemistry
36:14 Crop Rotation
36:06 Town Patrol
36:34 Chain Barding Armor
36:50 Iron Casting
36:11 Bodkin Arrow
36:39 Ballistics
36:08 Treadmill Crane
36:52 Ballistics
37:00 Siege Engineers
36:20 Elite Obuch
37:43 Hoardings
39:24 Fortified Wall
39:11 Murder Holes
39:27 Masonry
40:28 Blast Furnace
39:05 Light Cavalry
39:49 Squires
39:10 Pikeman
39:10 Man-at-Arms
39:36 Arson
39:36 Sappers
40:10 Scale Mail Armor
40:11 Padded Archer Armor
40:12 Bracer
41:40 Bombard Tower
SullyMuffinMan
11:37 Feudal Age
13:01 Wheelbarrow
12:25 Man-at-Arms
16:51 Double-Bit Axe
17:46 Forging
17:48 Scale Mail Armor
17:57 Scale Barding Armor
19:04 Town Watch
21:20 Gold Mining
21:21 Stone Mining
26:16 Castle Age
26:00 Fletching
26:11 Padded Archer Armor
27:28 Hand Cart
28:18 Gold Shaft Mining
28:03 Bow Saw
29:56 Town Patrol
30:59 Husbandry
33:59 Ballistics
33:59 Masonry
34:03 Fortified Wall
36:33 Iron Casting
36:20 Chain Barding Armor
39:14 Murder Holes
40:16 #83
41:21 Squires
41:08 Arson
41:52 Chain Mail Armor
41:58 Leather Archer Armor
Connection lost

Rejoining the realm…

Still unreachable

The connection could not be restored.

Session expired

The server has moved on; the page needs a fresh start.